 Dungeon Crawl Stone Soup version 0.30-a0-272-gf98c3da03f (webtiles) character file.

Game seed: 2763680040555770031

220 greasedhog the Trooper (level 5, 0/31 HPs)
             Began as a Gargoyle Chaos Knight on Oct 15, 2022.
             Was a Plaything of Xom.
             Slain by a howler monkey (10 damage)
             ... on level 3 of the Dungeon.
             The game lasted 00:03:53 (2411 turns).

greasedhog the Trooper (Gargoyle Chaos Knight)      Turns: 2411, Time: 00:03:53

Health: 0/31       AC: 16    Str: 19 (21) XL:     5   Next: 97%
Magic:  5/5        EV:  3    Int: 11 (12) God:    Xom [......]
Gold:   122        SH:  5    Dex:  7 (8)  Spells: 4/4 levels left

rFire   . . .      SeeInvis .    a - +0 mace (chaos)
rCold   . . .      Faith    .    h - +0 kite shield
rNeg    + . .      Spirit   .    k - +0 plate armour
rPois   ∞          Reflect  .    (no helmet)
rElec   +          Harm     .    (no cloak)
rCorr   .          Rampage  .    (no gloves)
Will    .....                    (no boots)
Stlth   ..........               (no amulet)
HPRegen 0.25/turn                (no ring)
MPRegen 0.09/turn                (no ring)

@: no status effects
A: sickness immunity, AC +4, negative energy resistance 1, electricity
resistance, torment resistance 1, petrification resistance, iridescent scales 1,
deterioration 2, frail 1, strong 1, wild magic 1
a: Renounce Religion


You were on level 3 of the Dungeon.
You worshipped Xom.
You were a very special plaything of Xom.
You visited 1 branch of the dungeon, and saw 3 of its levels.

You collected 122 gold pieces.

Inventory:

Hand Weapons
 a - a +0 mace of chaos (weapon)
Missiles
 l - a throwing net
Armour
 h - a +0 kite shield (worn)
 k - a +0 plate armour (worn)
Scrolls
 e - 3 scrolls of noise {unknown}
 f - a scroll of torment
 g - a scroll of teleportation
 j - a scroll of amnesia
Potions
 b - 2 potions of mutation
Miscellaneous
 c - a piece from Xom's chessboard (15/15) (quivered)


   Skills:
 * Level 5.1 Fighting
 * Level 4.6 Maces & Flails
 - Level 2.1 Armour
 - Level 0.7 Dodging
 * Level 2.7 Stealth


You had 4 spell levels left.
You didn't know any spells.
Your spell library contained the following spells:

 Spells                   Type           Power      Damage    Failure   Level
 Petrify                  Tmut/Erth      0%         N/A       100%        4
 Metabolic Englaciation   Hex/Ice        0%         N/A       100%        5
 Statue Form              Tmut/Erth      Unusable   N/A       N/A         6

Dungeon Overview and Level Annotations

Branches:
Dungeon (3/15)

Altars:


Innate Abilities, Weirdness & Mutations

You are immune to sickness and miasma.
Your stone body is resilient. (AC +4)
You are immune to poison.
You resist negative energy. (rN+)
You are resistant to electric shocks. (rElec)
You are resistant to unholy torment.
You are immune to petrification.
You are partially covered in iridescent scales. (AC +2)
Your body often deteriorates upon taking damage.
You are frail. (-10% HP)
Your muscles are strong. (Str +4, Int/Dex -1)
Your spells are a little harder to cast, but a little more powerful.


Message History

The gnoll is moderately wounded.
The gnoll hits you but does no damage.
The gnoll hits you but does no damage. x2
The gnoll barely misses you. "Hum-dee-hum-dee-hum..."
The gnoll evaporates and reforms as a howler monkey!
A rat comes into view.
The howler monkey hoots and howls with incredible vigour!
You hear a shout! x2
The gnoll hits you but does no damage.
There is a stone staircase leading down here.
The gnoll hits you but does no damage.
You hit the gnoll. You burn the gnoll.
You kill the gnoll!
The howler monkey hits you but does no damage.
You block the howler monkey's attack.
You hit the howler monkey.
The howler monkey goes berserk!
The howler monkey is moderately wounded.
The howler monkey hits you. x3
Your body deteriorates!
You feel clumsy.
You sock the howler monkey!
The howler monkey seems to slow down.
The howler monkey is severely wounded.
The howler monkey barely misses you. The rat attacks as you move away!
The rat bites you but does no damage.
The rat twitches its whiskers.
The howler monkey hits you!
A shower of butterflies erupts from you!
You closely miss the howler monkey.
The howler monkey is severely wounded.
The howler monkey hits you!
* * * LOW HITPOINT WARNING * * *
You hit the howler monkey.
The howler monkey is almost dead.
You block the howler monkey's attack. The howler monkey barely misses you.
Unknown command.
You completely miss the howler monkey.
The howler monkey is almost dead.
The howler monkey hits you!
You die... "It's all fun and games until someone loses an eye."

......######.# ###.
......#......##
...........<..##
##..#......)...#
##.#..........#
#.#..........#
#.#........).# .
#.#..........#####....
#.........b.rh@b.b....
#............#######..
..........#
..........#
..........#
..........#
#........## #......##


You could see a howler monkey (berserk, slow, ally target) and a rat.

Vanquished Creatures
  A water moccasin (D:3)
  6 gnolls
  A worm (D:2)
  3 dart slugs
  4 ball pythons
  5 endoplasms
  A giant cockroach (D:1)
  5 goblins
  6 hobgoblins
  5 jackals (D:1)
  4 kobolds
  2 quokkas
  A bat (D:1)
  A frilled lizard (D:3)
  5 rats
50 creatures vanquished.

Notes
Turn   | Place    | Note
-------+----------+-------------------------------------------
     0 | D:1      | greasedhog the Gargoyle Chaos Knight began the quest for
                  | the Orb.
     0 | D:1      | Reached XP level 1. HP: 14/14 MP: 1/1
   330 | D:1      | Reached XP level 2. HP: 19/19 MP: 2/2
   481 | D:1      | XOM: silly message
   670 | D:1      | Reached XP level 3. HP: 24/24 MP: 3/3
   672 | D:1      | Reached skill level 4 in Fighting
   793 | D:1      | XOM: silly message
   966 | D:2      | XOM: smoke on damage
  1105 | D:2      | XOM: summons 2 hostile demons
  1106 | D:2      | Noticed a smoke demon
  1172 | D:2      | XOM: noise
  1472 | D:2      | XOM: butterfly on damage
  1474 | D:2      | Reached XP level 4. HP: 21/30 MP: 4/4
  1538 | D:2      | Reached skill level 1 in Stealth
  1612 | D:2      | XOM: give mutations
  1612 | D:2      | Gained mutation: You have a pair of small antennae on your
                  | head. [Xom's mischief]
  1612 | D:2      | Gained mutation: You are partially covered in iridescent
                  | scales. (AC +2) [Xom's mischief]
  1612 | D:2      | Gained mutation: You are clumsy. (Dex -2) [Xom's mischief]
  1612 | D:2      | Gained mutation: You are frail. (-10% HP) [Xom's mischief]
  1800 | D:2      | XOM: silly message
  1925 | D:3      | XOM: give mutations
  1925 | D:3      | Gained mutation: Your muscles are strong. (Str +4, Int/Dex
                  | -1) [Xom's mischief]
  1925 | D:3      | Gained mutation: Armour fits poorly on your strangely
                  | shaped body. [Xom's mischief]
  1971 | D:3      | XOM: enchant monster (bad)
  1976 | D:3      | XOM: smoke on damage
  1984 | D:3      | HP: 1/27 [gnoll/+0 spear (4)]
  2167 | D:3      | Noticed a water moccasin
  2193 | D:3      | Lost mutation: You have a pair of small antennae on your
                  | head. [potion of mutation]
  2193 | D:3      | Lost mutation: You are clumsy. (Dex -2) [potion of
                  | mutation]
  2193 | D:3      | Lost mutation: Armour fits poorly on your strangely shaped
                  | body. [potion of mutation]
  2193 | D:3      | Gained mutation: Your spells are a little harder to cast,
                  | but a little more powerful. [potion of mutation]
  2193 | D:3      | Gained mutation: Your body sometimes deteriorates upon
                  | taking damage. [potion of mutation]
  2193 | D:3      | Gained mutation: Your body often deteriorates upon taking
                  | damage. [potion of mutation]
  2196 | D:3      | XOM: enchant monster (bad)
  2205 | D:3      | Killed a water moccasin
  2206 | D:3      | Reached skill level 5 in Fighting
  2206 | D:3      | Reached XP level 5. HP: 5/31 MP: 5/5
  2311 | D:2      | XOM: stat loss: -1 Str (20/21)
  2399 | D:3      | XOM: polymorph gnoll -> howler monkey
  2408 | D:3      | XOM: butterfly on damage
  2411 | D:3      | Slain by a howler monkey

Illustrated notes

Levels and vault maps discovered:
D:1:      dpeg_arrival_castle, layout_basic
D:2:      layout_loops_ring
D:3:      layout_rooms

Skill      XL: |  1  2  3  4 |
---------------+-------------+-----
Fighting       | 4 5 |  5.1
Maces & Flails | 4 |  4.6
Stealth        | 2 |  2.7
Armour         | |  2.1
Dodging        | |  0.7

Action                   |  1- 3 |  4- 6 || total
-------------------------+-------+-------++-------
Melee: Mace              |    96 |    63 ||   159
       Punch             |     1 |       ||     1
  Use: Scroll            |     2 |     3 ||     5
       Potion            |       |     3 ||     3
 Stab: Paralysed         |     1 |       ||     1
Armor: Leather armour    |    66 |     3 ||    69
       Plate armour      |       |    47 ||    47
Dodge: Dodged            |    68 |    16 ||    84
Block: Kite shield       |     1 |    25 ||    26

Table legend: (Time is in decaauts)
 A = Elapsed time spent in this place.
 B = Non-inter-level travel time spent in this place.
 C = Inter-level travel time spent in this place.
 D = Time resting spent in this place.
 E = Time spent auto-exploring this place.
 F = Levels seen in this place.
 G = Mean time per level.
                   A        B        C        D        E       F      G
               +--------+--------+--------+--------+--------+-----+--------+
         Total |   2462 |   2334 |    128 |    343 |   1473 |   3 |  820.7 |
       Dungeon |   2462 |   2334 |    128 |    343 |   1473 |   3 |  820.7 |
               +--------+--------+--------+--------+--------+-----+--------+

Top non-repeatable levels by time:
     D:2: 1310 daAuts
     D:1: 909 daAuts
     D:3: 242 daAuts
